 Dungeon Crawl Stone Soup version 0.32-a0-996-gb3226c2 (webtiles) character file.

Game seed: 11628338284402450868

23820 bybia the Unseen (level 12, -1/64 HPs)
             Began as a Vampire Enchanter on Apr 23, 2024.
             Was an Initiate of Gozag.
             Killed from afar by a catoblepas (2 damage)
             ... with a blast of calcifying dust
             ... while petrified by a catoblepas
             ... on level 2 of the Lair of Beasts.
             The game lasted 00:41:01 (14673 turns).

bybia the Unseen (Vampire Enchanter)               Turns: 14673, Time: 00:41:02

Health: -1/64      AC:  9    Str:  7    XL:     12   Next: 75%
Magic:  22/22      EV:  2    Int: 21    God:    Gozag
Gold:   2021       SH:  0    Dex: 16    Spells: 3/24 levels left

rFire   . . .        g - +2 dagger (venom)
rCold   + + .        (no shield)
rNeg    + + +        b - +0 robe
rPois   ∞            K - +0 helmet
rElec   +            y - +2 cloak {Stlth+}
rCorr   .            (no gloves)
SInv    +            Z - +2 pair of boots
Will    ++...        G - amulet of Vitality {Regen++ RegenMP++}
Stlth   ++++++++++   I - ring "Hinlasis" {Wiz rElec Will+}
HPRegen 0.00/turn    p - +5 ring of evasion
MPRegen 0.98/turn

%: wizardry (x1)
@: petrified, gold aura, bloodless, inhibited regen
A: bloodless, fangs 3, see invisible, vampiric 2
a: Bat Form, Revivify, Renounce Religion, Potion Petition, Call Merchant, Bribe
Branch


You were on level 2 of the Lair of Beasts.
You worshipped Gozag.
Gozag was most pleased with you.
You visited 3 branches of the dungeon, and saw 14 of its levels.

You collected 2812 gold pieces.
You spent 506 gold pieces at shops.
You paid 285 gold pieces to Gozag.

Inventory:

Hand Weapons
 g - a +2 dagger of venom (weapon)
Missiles
 l - 22 boomerangs
 A - 40 poisoned darts
 W - a curare-tipped dart {!f}
Armour
 b - a +0 robe (worn)
 y - a +2 cloak of stealth (worn)
 K - a +0 helmet (worn)
 Z - a +2 pair of boots (worn)
Magical Staves
 m - a staff of air
 E - a staff of fire
 H - a staff of conjuration
Jewellery
 e - a +6 ring of strength
 f - a ring of resist corrosion
 p - a +5 ring of evasion (right hand)
 x - a ring of ice
 G - the amulet of Vitality (around neck) {Regen++ RegenMP++}
   (You found it on level 5 of the Dungeon)

   [amulet of nothing]

   Regen++:   It increases your rate of health regeneration.
   RegenMP++: It increases your rate of magic regeneration.
 I - the ring "Hinlasis" (left hand) {Wiz rElec Will+}
   (You found it on level 5 of the Dungeon)

   [ring of wizardry]

   Wiz:       It improves your spell success rate.
   rElec:     It insulates you from electricity.
   Will+:     It increases your willpower.
 Q - an amulet of guardian spirit
 R - a +6 ring of dexterity
 S - a ring of poison resistance
Wands
 F - a wand of flame (32)
 M - a wand of quicksilver (8)
 N - a wand of roots (11)
 X - a wand of mindburst (4)
Scrolls
 i - 2 scrolls of blinking {unknown}
 k - 4 scrolls of teleportation
 q - 4 scrolls of vulnerability
 s - 4 scrolls of enchant weapon {unknown}
 u - 2 scrolls of poison
 w - 3 scrolls of amnesia
 B - 2 scrolls of enchant armour
 C - 2 scrolls of revelation {unknown}
 D - 5 scrolls of immolation
 J - 2 scrolls of fear
 L - a scroll of noise {unknown}
 T - 3 scrolls of identify
Potions
 c - 3 potions of invisibility
 d - a potion of resistance {unknown}
 h - a potion of might
 j - 2 potions of enlightenment
 o - a potion of cancellation
 r - 9 potions of curing
 t - 4 potions of heal wounds
 v - a potion of haste
 z - 2 potions of degeneration {unknown}
 V - a potion of magic {unknown}
 Y - a potion of brilliance {unknown}


   Skills:
 - Level 3.0 Fighting
 - Level 10.0 Short Blades
 + Level 7.3 Dodging
 + Level 18.4 Stealth
 + Level 6.8 Spellcasting
 * Level 14.0 Hexes
 - Level 2.0 Translocations
 + Level 7.1 Ice Magic


You had 3 spell levels left.
You knew the following spells:

 Your Spells              Type           Power      Damage    Failure   Level
a - Ensorcelled Hibernat  Hex/Ice        100%       N/A       1%          2
b - Frozen Ramparts       Ice            74%        1d12      1%          3
c - Confusing Touch       Hex            60%        N/A       1%          3
d - Dazzling Flash        Conj/Hex       72%        N/A       1%          3
e - Blink                 Tloc           30%        N/A       2%          2
f - Lesser Beckoning      Tloc           30%        N/A       2%          2
h - Tukima's Dance        Hex            60%        N/A       1%          3
v - Ozocubu's Armour      Ice            37%        N/A       1%          3

Your spell library contained the following spells:

 Spells                   Type           Power      Damage    Failure   Level
 Freeze                   Ice            100%       1d10      1%          1
 Hailstorm                Conj/Ice       22%        3d7       2%          3
 Kiss of Death            Conj/Necr      28%        2d7       3%          1
 Magic Dart               Conj           28%        1d4       3%          1
 Necrotise                Necr           28%        1d5       3%          1
 Summon Small Mammal      Summ           28%        N/A       3%          1
 Momentum Strike          Conj/Tloc      22%        3d8       3%          2
 Maxwell's Portable Pile  Tloc           15%        2d(6-18)  4%          3
 Teleport Other           Tloc           15%        N/A       4%          3
 Call Imp                 Summ           14%        N/A       6%          2
 Sublimation of Blood     Necr           7%         N/A       6%          2
 Call Canine Familiar     Summ           7%         N/A       11%         3
 Dimensional Bullseye     Hex/Tloc       20%        N/A       1%          4
 Metabolic Englaciation   Hex/Ice        25%        N/A       1%          5
 Dispel Undead            Necr           7%         3d8       32%         4
 Summon Blazeheart Golem  Fire/Summ      7%         N/A       32%         4
 Summon Forest            Summ/Tloc      5%         N/A       52%         5
 Borgnjor's Vile Clutch   Necr/Erth      3%         N/A       65%         5
 Dispersal                Tloc           7%         N/A       91%         6
 Gell's Gavotte           Tloc           7%         2d(14-21) 91%         6
 Death Channel            Necr           3%         N/A       99%         6
 Manifold Assault         Tloc           7%         N/A       100%        7
 Summon Hydra             Summ           3%         N/A       100%        7
 Infestation              Necr           3%         N/A       100%        8
 Animate Dead             Necr           Unusable   N/A       N/A         4

Dungeon Overview and Level Annotations

Branches:
Dungeon (11/15)            Temple (1/1) D:7            Lair (2/5) D:9
    Orc (0/2) D:9
  Swamp: Lair:2-3    Shoals: Lair:2-3     Snake: Lair:2-3    Spider: Lair:2-3

Altars:
Ashenzari
Cheibriados
Dithmenos
Fedhas
Gozag
Hepliaklqana
Kikubaaqudgha
Makhleb
Nemelex Xobeh
Okawaru
Qazlal
Ru
Sif Muna
Trog
Uskayaw
Vehumet
Wu Jian
Xom
Yredelemnul

Shops:
D:1 :

Annotations:
D:7 1 exclusion


Innate Abilities, Weirdness & Mutations

You do not regenerate when monsters are visible.
You are frail without blood (-20% HP).
You can heal yourself when you bite living creatures.
You are immune to poison.
You have razor-sharp teeth.
You have supernaturally acute eyesight. (SInv)
You are afflicted with vampirism and can become a bat while bloodless.


Message History

The catoblepas struggles against the net.
The net rips apart, and the catoblepas comes free!
The blink frog hits you.
The blink frog blinks!
The basilisk is distracted by your dazzling golden aura.
The catoblepas gores you but does no damage.
The blink frog blinks!
The catoblepas gores you.
The blink frog is no longer distracted by gold.
The blink frog hits you. The catoblepas gores you!!
The basilisk hisses angrily.
The blink frog hits you.
The blink frog blinks!
The catoblepas gores you but does no damage.
The basilisk is no longer distracted by gold.
The catoblepas breathes a plume of calcifying dust at you.
The blast of calcifying dust hits you.
The blast of calcifying dust hits the blink frog.
You are engulfed in calcifying dust.
The blink frog is engulfed in calcifying dust.
The blink frog is moving more slowly.
The blink frog hits you!
The blink frog blinks!
The catoblepas gores you!!
* * * LOW HITPOINT WARNING * * *
The blink frog is engulfed in calcifying dust.
The blink frog stops moving altogether!
The blink frog blinks!
You are engulfed in calcifying dust.
The blink frog is engulfed in calcifying dust.
The blink frog hits you!
* * * LOW HITPOINT WARNING * * *
The blink frog is engulfed in calcifying dust.
The catoblepas gores you!!
* * * LOW HITPOINT WARNING * * *
You are engulfed in calcifying dust.
The blink frog is engulfed in calcifying dust.
The blink frog hits you but does no damage.
The blink frog is engulfed in calcifying dust.
The basilisk gazes at you. You resist with almost no effort.
The catoblepas breathes a plume of calcifying dust at you.
The blast of calcifying dust hits you.
You die...
Your body crumbles into a pile of gold.

##P.##....##..................F.
.#............P...#.P..........
............P.#.##.#P.>.......
.#####..........#.......#....
.#PP##.....#......##...###.. #
............P....###....##.######
.P#PP.....F...§..####...#.$.Y.<..
P##....##..#...F.l......#F..F..$.
##P....##.......@F..#..(..).#.##F
###.......#....$Y....#...#####.#
##.......%.....#..#.....######
###..........<..#.........#..#.##
.......#.......#.>...............
..P#........##.[......#.#...###..
.......................Y.........
.###.........#.PP....<###......##
#....##....######..#.## ##.#..##


You could see a catoblepas, an elephant, a basilisk and 3 blink frogs.

Vanquished Creatures
  2 hydras
  A two-headed ogre (D:10)
  A boulder beetle (D:11)
  Pikel (D:6)
  A cyclops (D:11)
  9 elephants (Lair:1)
  Maurice (D:9)
  A black mamba (Lair:2)
  3 cane toads
  Jeremiah (Lair:1)
  A gargoyle (D:10)
  An unseen horror (D:11)
  7 komodo dragons
  A rime drake (Lair:1)
  2 unseen horror zombies (D:9)
  3 trolls
  Grinder (D:4)
  2 blink frogs (Lair:2)
  A wraith (D:10)
  3 wyverns
  12 yaks
  Eustachio (D:6)
  A basilisk (Lair:1)
  2 steam dragons
  8 water moccasins
  An acid dragon (D:9)
  8 black bears
  2 orc warriors
  A sky beast (D:7)
  2 ice beasts
  2 centaurs
  An ogre (D:4)
  5 wolves
  A phantom (D:5)
  4 lemures
  Blork the orc (D:6)
  3 kobold brigands
  8 bullfrogs
  A gnoll sergeant (D:7)
  6 scorpions
  4 wights
  20 killer bees
  An electric eel (D:9)
  10 howler monkeys
  5 centaur zombies (D:9)
  3 jellies
  A gnoll bouda (D:6)
  9 hounds
  6 iguanas
  7 orc priests
  2 sleepcaps (D:5)
  16 orc wizards
  A hell rat (Lair:1)
  2 howler monkey zombies (D:9)
  Robin (D:3)
  10 gnolls
  7 adders
  A shadow imp (D:6)
  A white imp (D:6)
  3 ufetubi
  4 dart slugs
  A ribbon worm (D:2)
  37 orcs
  2 endoplasms (D:2)
  5 giant cockroaches
  13 goblins
  6 hobgoblins
  3 jackals
  4 quokkas
  4 ball pythons
  2 bats (D:1)
  2 frilled lizards (D:1)
  18 kobolds
  5 rats
329 creatures vanquished.

Vanquished Creatures (collateral kills)
  2 two-headed ogres
  An ogre (D:6)
  2 wights (D:9)
  An iguana (D:6)
  2 gnolls
8 creatures vanquished.

Vanquished Creatures (others)
  A dancing weapon (D:7)
1 creature vanquished.

Grand Total: 338 creatures vanquished

Notes
Turn   | Place    | Note
-------+----------+-------------------------------------------
     0 | D:1      | bybia the Vampire Enchanter began the quest for the Orb.
     0 | D:1      | Reached XP level 1. HP: 13/13 MP: 3/3
   140 | D:1      | Found Todor's Book Shoppe.
   233 | D:1      | Reached XP level 2. HP: 4/15 MP: 5/5
   669 | D:1      | Got the Elucidation of Postmortem Angles
   850 | D:1      | Got Ycriwue's Almanac of Wanderlust
  1086 | D:2      | Gained mutation: You are afflicted with vampirism and can
                  | become a bat while bloodless. [Vampire growth]
  1086 | D:2      | Reached XP level 3. HP: 20/20 MP: 6/6
  1096 | D:2      | Learned a level 3 spell: Confusing Touch
  1099 | D:2      | Learned a level 2 spell: Ensorcelled Hibernation
  1794 | D:3      | Reached skill level 5 in Stealth
  1796 | D:3      | Reached skill level 5 in Hexes
  1887 | D:3      | Found a faded altar of an unknown god.
  2550 | D:3      | Reached skill level 1 in Fighting
  2550 | D:3      | Reached XP level 4. HP: 25/25 MP: 7/7
  3037 | D:3      | Reached XP level 5. HP: 20/29 MP: 8/8
  3385 | D:4      | Reached skill level 6 in Stealth
  3385 | D:4      | Reached XP level 6. HP: 34/34 MP: 9/9
  3479 | D:4      | Found a shimmering altar of Xom.
  3723 | D:4      | Noticed Robin
  3738 | D:4      | Noticed Grinder
  4120 | D:5      | Entered Level 5 of the Dungeon
  4143 | D:5      | Reached skill level 7 in Stealth
  4145 | D:5      | Reached XP level 7. HP: 38/38 MP: 10/10
  4215 | D:5      | Found the amulet of Vitality {Regen++ RegenMP++}
  4286 | D:5      | Found a radiant altar of Vehumet.
  4543 | D:5      | Found a stormy altar of Qazlal.
  4563 | D:5      | Reached skill level 5 in Dodging
  4856 | D:5      | Reached skill level 8 in Stealth
  4858 | D:5      | Noticed a steam dragon
  5194 | D:5      | Killed a steam dragon
  5195 | D:5      | Reached XP level 8. HP: 43/43 MP: 8/11
  5276 | D:5      | Identified the ring "Hinlasis" {Wiz rElec Will+}
  5363 | D:5      | Reached skill level 5 in Short Blades
  5407 | D:5      | Learned a level 3 spell: Tukima's Dance
  5411 | D:5      | Learned a level 3 spell: Dazzling Flash
  5590 | D:5      | Reached skill level 9 in Stealth
  5590 | D:5      | Reached skill level 1 in Translocations
  5725 | D:6      | Noticed Pikel
  6031 | D:4      | Found a hazy altar of Hepliaklqana.
  6040 | D:4      | Found a shimmering blue altar of Sif Muna.
  6297 | D:3      | Killed Robin
  6378 | D:4      | Killed Grinder
  6631 | D:6      | Reached skill level 10 in Stealth
  6631 | D:6      | Reached XP level 9. HP: 47/47 MP: 12/12
  6654 | D:6      | Noticed Eustachio
  6688 | D:6      | Killed Eustachio
  7091 | D:6      | Noticed Blork the orc
  7210 | D:7      | Found a staircase to the Ecumenical Temple.
  7215 | Temple   | Entered the Ecumenical Temple
  7225 | Temple   | Became a worshipper of Gozag Ym Sagoz the Greedy
  7265 | D:7      | Reached skill level 10 in Hexes
  7490 | D:7      | Reached skill level 11 in Stealth
  7490 | D:7      | Reached skill level 1 in Ice Magic
  7773 | D:7      | Found a broken altar of Ashenzari.
  8213 | D:6      | Killed Pikel
  8214 | D:6      | Reached skill level 12 in Stealth
  8214 | D:6      | Reached XP level 10. HP: 52/52 MP: 13/13
  8220 | D:6      | Killed Blork the orc
  9285 | D:8      | Found a burning altar of Makhleb.
  9308 | D:9      | Noticed Maurice
  9502 | D:1      | Bought a book of Spatial Translocations for 198 gold pieces
  9505 | D:1      | Learned a level 2 spell: Blink
  9505 | D:1      | Bought a book of Winter for 308 gold pieces
  9737 | D:9      | Found an iron altar of Okawaru.
  9801 | D:9      | Killed Maurice
  9855 | D:9      | Reached skill level 13 in Stealth
  9906 | D:9      | Noticed a two-headed ogre
  9912 | D:9      | Killed a two-headed ogre
 10038 | D:9      | Reached skill level 5 in Ice Magic
 10459 | D:9      | Reached XP level 11. HP: 59/59 MP: 16/16
 10595 | D:9      | Identified the maw talisman "Gurchauf" {rElec rPois Str+3
                  | Int-2}
 10607 | D:9      | Found a staircase to the Lair.
 10686 | D:9      | Found a staircase to the Orcish Mines.
 11114 | D:10     | Entered Level 10 of the Dungeon
 11143 | D:10     | Noticed a two-headed ogre
 11149 | D:10     | Learned a level 3 spell: Ozocubu's Armour
 11154 | D:10     | Killed a two-headed ogre
 11155 | D:10     | Reached skill level 14 in Stealth
 11876 | D:11     | Noticed a boulder beetle
 11884 | D:11     | Killed a boulder beetle
 11885 | D:11     | Reached skill level 10 in Short Blades
 11885 | D:11     | Reached skill level 5 in Spellcasting
 11934 | D:11     | Noticed a two-headed ogre
 11944 | D:11     | Killed a two-headed ogre
 11945 | D:11     | Reached skill level 15 in Stealth
 12289 | D:11     | Learned a level 3 spell: Frozen Ramparts
 12292 | D:11     | Learned a level 2 spell: Lesser Beckoning
 12459 | D:11     | Noticed a skeletal warrior
 12459 | D:11     | Noticed a skeletal warrior
 12575 | Lair:1   | Entered Level 1 of the Lair of Beasts
 12575 | Lair:1   | Noticed Jeremiah
 12585 | Lair:1   | Killed Jeremiah
 12586 | Lair:1   | Reached skill level 16 in Stealth
 12742 | Lair:1   | Noticed a seven-headed hydra
 12760 | Lair:1   | Killed a seven-headed hydra
 12761 | Lair:1   | Reached skill level 17 in Stealth
 12818 | Lair:1   | Reached XP level 12. HP: 64/64 MP: 21/21
 13247 | Lair:1   | Reached skill level 18 in Stealth
 13692 | Lair:2   | Noticed a catoblepas
 13737 | Lair:2   | Noticed a five-headed hydra
 14032 | Lair:2   | Killed a five-headed hydra
 14033 | Lair:2   | Identified the +10 great mace of Honesty {protect, Str+5
                  | Int+2}
 14672 | Lair:2   | HP: 1/64 [catoblepas (11)]
 14673 | Lair:2   | Killed from afar by a catoblepas

Illustrated notes

Levels and vault maps discovered:
D:1:      dpeg_arrival_chambers_temple_mockup, layout_basic, serial_shops,
          nicolae_shop_temple_entry_statues_fountains
D:2:      layout_basic
D:3:      layout_basic, ebering_ecumenical_altar_ruins
D:4:      layout_gridville, mainiacjoe_overflow_surrounded_room,
          mainiacjoe_overflow_swirl, serial_bayou_pond_e, uniq_robin,
          uniq_grinder
D:5:      minmay_polygon_palace, layout_loops_ring,
          mainiacjoe_overflow_catwalk_spiral, vehumet_crystals,
          kennysheep_generic_room_14
D:6:      layout_basic, tso_metal_star, st_stairs_5, uniq_pikel, uniq_eustachio,
          uniq_blork_the_orc
D:7:      layout_rooms, mainiacjoe_overflow_tiny_flanked, lemuel_round_altar,
          temple_doors_ab, nzn_random_ring
D:8:      layout_basic, kennysheep_mini_moat, nicolae_fountain_basement
D:9:      layout_basic, mainiacjoe_overflow_small_starburst,
          grunt_lair_entry_orc_guard_hut, orc_0_dummy, serial_undead,
          serial_undead_b, serial_undead_a, serial_undead_a, serial_undead_b,
          nrook_mini_vaults, uniq_maurice
D:10:     layout_gridville
D:11:     layout_cave_pods
Temple:   jpeg_temple_clearing
Lair:1:   layout_cave_shapes, beast_lair_carwin_1, uniq_jeremiah
Lair:2:   layout_misc_corridors, spider_nest_entry_webs

Skill      XL: |  1  2  3  4  5  6  7  8  9 10 11 12 |
---------------+-------------------------------------+-----
Stealth        | 5 6 7 8 10 12 13 17 18 | 18.4
Hexes          | 5 6 7 9 11 12 14 | 14.0
Fighting       | 1 2 3 |  3.0
Short Blades   | 2 3 4 6 8 9 10 | 10.0
Dodging        | 3 4 5 6 7 |  7.3
Translocations | 2 |  2.0
Ice Magic      | 3 5 6 7 |  7.1
Spellcasting   | 3 6 |  6.8

Action                     |  1- 3 |  4- 6 |  7- 9 | 10-12 || total
---------------------------+-------+-------+-------+-------++-------
  Melee: Dagger            |    84 |    80 |   345 |   593 ||  1102
         Bite              |     6 |    10 |    46 |    83 ||   145
  Throw: Boomerang         |     6 |     3 |    15 |       ||    24
         Dart              |     1 |     4 |     3 |     5 ||    13
         Throwing net      |       |       |       |     1 ||     1
   Cast: Confusing Touch   |       |     5 |    48 |    63 ||   116
         Ensorcelled Hiber |       |     3 |    16 |    35 ||    54
         Dazzling Flash    |       |       |     4 |    19 ||    23
         Tukima's Dance    |       |       |     7 |    11 ||    18
         Ozocubu's Armour  |       |       |       |     5 ||     5
         Blink             |       |       |       |     2 ||     2
Ability: Exsanguinate      |     1 |       |       |       ||     1
         End Transformatio |       |       |       |     1 ||     1
         Bat Form          |       |       |       |     1 ||     1
  Evoke: Wand              |       |       |       |     3 ||     3
    Use: Scroll            |       |       |       |    14 ||    14
   Stab: Sleeping          |    20 |     6 |    21 |    62 ||   109
         Confused          |       |     5 |    38 |    43 ||    86
         Distracted        |       |       |     4 |     3 ||     7
         Invisible         |       |       |     3 |    10 ||    13
 Armour: Robe              |    22 |    28 |    84 |   178 ||   312
         Skin              |       |       |       |     1 ||     1
  Dodge: Dodged            |    35 |    50 |   206 |   367 ||   658

Table legend: (Time is in decaauts)
 A = Elapsed time spent in this place.
 B = Non-inter-level travel time spent in this place.
 C = Inter-level travel time spent in this place.
 D = Time resting spent in this place.
 E = Time spent auto-exploring this place.
 F = Levels seen in this place.
 G = Mean time per level.
                   A        B        C        D        E       F      G
               +--------+--------+--------+--------+--------+-----+--------+
         Total |  14281 |  12855 |   1426 |   1163 |   7252 |  14 | 1020.1 |
       Dungeon |  12267 |  11055 |   1212 |   1041 |   6545 |  11 | 1115.2 |
        Temple |     19 |     10 |      9 |      0 |      0 |   1 |   19.0 |
          Lair |   1995 |   1791 |    204 |    122 |    707 |   2 |  997.5 |
               +--------+--------+--------+--------+--------+-----+--------+

Top non-repeatable levels by time:
     D:3: 1817 daAuts
     D:5: 1645 daAuts
  Lair:1: 1604 daAuts
     D:4: 1536 daAuts
     D:6: 1267 daAuts
     D:9: 1151 daAuts
     D:1: 1020 daAuts
     D:8: 916 daAuts
     D:7: 810 daAuts
    D:10: 752 daAuts
     D:2: 724 daAuts
    D:11: 624 daAuts
  Lair:2: 391 daAuts
  Temple: 19 daAuts
